Silver Tips vs Gulls
Created - Tuesday, March 11, 2025 at 21:54
Goals
|
Silver Tips |
5 |
2 |
0 |
7 |
Gulls |
1 |
1 |
1 |
3 |
|
Shots
|
Silver Tips |
17 |
14 |
10 |
41 |
Gulls |
5 |
7 |
12 |
24 |
|
1st period
1. Gulls , Dylan McIlrath 1 (Hudson Elynuik 18, Jacob Perreault 18) at 2:04
2. Silver Tips , Kailer Yamamoto 26 (Samuel Fagemo 24, Juuso Parssinen 23) at 5:32 (PP)
3. Silver Tips , Chase De Leo 16 (Raphael Lavoie 23, Adam Cracknell 13) at 9:14
4. Silver Tips , Yegor Zamula 12 (Dylan Holloway 32, Brock McGinn 34) at 10:59
5. Silver Tips , Kailer Yamamoto 27 (Juuso Parssinen 24) at 12:51
6. Silver Tips , Samuel Fagemo 22 (Juuso Parssinen 25) at 12:54 (PP)
Penalties :
Hudson Elynuik (SDG) for Tripping (Minor) at 2:08, Dylan McIlrath (SDG) for Slashing (Minor) at 4:34, Jacob Perreault (SDG) for Cross-checking (Minor) at 7:07, Scott Sabourin (SDG) for Tripping (Minor) at 12:52
2nd period
7. Silver Tips , Juuso Parssinen 14 (David Jiricek 31, Joel Hofer) at 3:28 (PP)
8. Gulls , Nick Caamano 10 (Gabriel Dumont 22, Scott Sabourin 9) at 6:04
9. Silver Tips , Kailer Yamamoto 28 (Samuel Fagemo 25, Yegor Zamula 21) at 8:29 (PP)
Penalties :
Scott Sabourin (SDG) for Interference (Minor) at 2:58, Jacob Perreault (SDG) for Cross-checking (Minor) at 7:43, Ethan Del Mastro (SDG) for High sticking (Minor) at 12:45
3rd period
10. Gulls , Alex Petrovic 10 (Spencer Smallman 20, Maxime Lajoie 15) at 13:03
Penalties :
Dylan McIlrath (SDG) for Roughing (Minor) at 2:43, Trevor Carrick (SDG) for Holding (Minor) at 4:59, Ethan Del Mastro (SDG) for Slashing (Double Minor) at 5:26, Trevor Carrick (SDG) for Cross-checking (Minor) at 8:28, Dylan Holloway (EVT) for Hooking (Minor) at 13:47, Caleb Jones (EVT) for Roughing (Minor) at 15:27, Erik Gustafsson (EVT) for Hooking (Minor) at 15:45
Goalie Stats
Joel Hofer (EVT), 21 saves from 24 shots - (0.875), W, 43-11-2, 60:00 minutes
Keith Kinkaid (SDG), 24 saves from 27 shots - (0.889), 47:09 minutes
Farm Goalie 46 (SDG), 10 saves from 14 shots - (0.714), L, 1-15-1, 12:51 minutes
Players Stats for Silver Tips
Player Name G A P +/- PIM S H SB GA TA FO MP PP MP PK MP
------------------------------------------------------------------------------------
Adam Cracknell 0 1 1 1 0 0 2 0 0 0 1/1 11:13 1:10 0:51
Brock McGinn 0 1 1 0 0 4 0 0 0 0 0/0 19:10 6:43 0:00
Caleb Jones 0 0 0 1 2 1 0 0 0 0 0/0 20:03 6:51 0:59
Chase De Leo 1 0 1 0 0 2 0 0 0 0 0/1 13:31 0:33 0:25
David Jiricek 0 1 1 -1 0 0 0 2 0 0 0/0 14:47 1:39 0:18
Dylan Holloway 0 1 1 0 2 6 1 0 0 0 15/26 19:40 6:56 0:18
Elmer Soderblom 0 0 0 0 0 1 2 0 0 0 0/0 19:23 6:56 0:00
Erik Gustafsson 0 0 0 0 2 3 1 0 0 0 0/0 24:06 7:36 1:10
Jeremy Davies 0 0 0 -1 0 1 1 0 0 0 0/0 14:42 0:24 1:28
Juuso Parssinen 1 3 4 0 0 5 3 1 0 0 13/24 17:20 8:11 1:45
Kailer Yamamoto 3 0 3 0 0 6 1 1 0 0 1/4 23:15 7:17 1:41
Marc Staal 0 0 0 0 0 1 3 1 0 0 0/0 24:31 7:10 2:01
Nathan Todd 0 0 0 0 0 3 0 0 0 0 8/13 15:23 0:00 0:00
Patrick Maroon 0 0 0 0 0 0 0 0 0 0 0/0 0:00 0:00 0:00
Raphael Lavoie 0 1 1 0 0 0 0 0 0 0 11/19 15:37 1:03 0:55
Rem Pitlick 0 0 0 0 0 0 0 0 0 0 0/0 0:00 0:00 0:00
Samuel Fagemo 1 2 3 -1 0 5 1 0 0 0 0/2 19:31 8:11 0:00
Yegor Zamula 1 1 2 1 0 3 0 1 0 0 0/0 21:49 7:40 1:56
Players Stats for Gulls
Player Name G A P +/- PIM S H SB GA TA FO MP PP MP PK MP
------------------------------------------------------------------------------------
Alex Petrovic 1 0 1 1 0 3 3 1 0 0 0/0 25:17 2:01 6:48
Chase Stillman 0 0 0 0 0 0 0 0 0 0 0/0 0:00 0:00 0:00
Cole Cassels 0 0 0 0 0 2 0 0 0 0 18/30 22:57 1:59 6:59
Dylan McIlrath 1 0 1 0 4 2 3 1 0 0 0/0 17:57 0:00 4:20
Ethan Del Mastro 0 0 0 -1 6 1 2 1 0 0 0/0 22:13 1:56 4:25
Gabriel Dumont 0 1 1 0 0 3 0 1 0 0 0/0 15:51 1:58 0:27
Garrett Wilson 0 0 0 0 0 0 0 0 0 0 0/0 2:40 0:00 2:40
Hudson Elynuik 0 1 1 0 2 1 3 0 0 0 11/25 17:09 1:58 2:14
Jacob Perreault 0 1 1 0 4 1 2 0 0 0 0/2 12:56 0:00 0:00
Maxime Lajoie 0 1 1 1 0 2 2 3 0 0 0/0 18:49 1:56 6:02
Nick Caamano 1 0 1 0 0 1 0 0 0 0 10/22 13:26 0:00 0:00
Olivier Galipeau 0 0 0 0 0 0 0 0 0 0 0/0 2:37 0:00 2:37
Sasha Pastujov 0 0 0 0 0 2 2 0 0 0 2/8 21:58 1:59 6:00
Scott Sabourin 0 1 1 0 4 1 1 0 0 0 0/1 13:24 0:00 0:00
Seth Helgeson 0 0 0 -1 0 0 0 2 0 0 0/0 11:05 0:00 1:25
Spencer Smallman 0 1 1 0 0 1 3 1 0 0 0/0 19:30 1:58 4:34
Trevor Carrick 0 0 0 0 4 1 2 2 0 0 0/0 21:56 2:01 5:41
Tyler Benson 0 0 0 0 0 3 1 0 0 0 0/2 21:55 1:59 5:57
3 Stars
1 - Kailer Yamamoto (EVT)
2 - Juuso Parssinen (EVT)
3 - Samuel Fagemo (EVT)
Power Play
Silver Tips - 4 on 12 Attempt(s) - 33.33%
Gulls - 0 on 3 Attempt(s) - 0.00%
Penalty Kill
Silver Tips - 3 on 3 Attempt(s) - 100.00%
- Score 0 goal in Penalty Kill
Gulls - 8 on 12 Attempt(s) - 66.67%
- Score 0 goal in Penalty Kill
Team Stat
Silver Tips - Hits : 15 - Faceoff Wins : 49 - Blocked Shots : 6 - Penalty Minutes : 6
Gulls - Hits : 24 - Faceoff Wins : 41 - Blocked Shots : 12 - Penalty Minutes : 24
Official
Referees : Frederick L'Ecuyer and Jake Brenk
Linesman : Matt MacPherson and Bevan Mills
Game Notes
Keith Kinkaid enters game at 12:51 of 1st period
Kailer Yamamoto has scored a Hat Trick!
Finance
Level 1 -- Attendance: 1916 (95.80%) -- Ticket Income $67,060
Level 2 -- Attendance: 960 (96.00%) -- Ticket Income $14,400
Total Attendance: 2876 (95.87%)
Total Ticket Income: $81,460
Other Income: $39,915
Total Income: $121,375
Silver Tips
5 vs 5 Forward
Center Left Wing Right Wing Time % Phy DF OF
1 Juuso Parssinen Nathan Todd Kailer Yamamoto 25 1 2 2
2 Dylan Holloway Elmer Soderblom Brock McGinn 25 1 2 2
3 Raphael Lavoie Chase De Leo Samuel Fagemo 25 1 2 2
4 Nathan Todd Kailer Yamamoto Adam Cracknell 25 1 2 2
5 vs 5 Defense
Defense Defense Time % Phy DF OF
1 Erik Gustafsson Marc Staal 25 1 2 2
2 Caleb Jones Yegor Zamula 25 1 2 2
3 David Jiricek Jeremy Davies 25 1 2 2
4 Erik Gustafsson Marc Staal 25 1 2 2
PowerPlay Forward
Center Left Wing Right Wing Time % Phy DF OF
1 Juuso Parssinen Samuel Fagemo Kailer Yamamoto 60 1 2 2
2 Dylan Holloway Elmer Soderblom Brock McGinn 40 1 2 2
PowerPlay Defense
Defense Defense Time % Phy DF OF
1 Erik Gustafsson Marc Staal 60 1 2 2
2 Caleb Jones Yegor Zamula 40 1 2 2
Penalty Kill 4 Players Forward
Center Wing Time % Phy DF OF
1 Dylan Holloway Juuso Parssinen 60 1 2 2
2 Kailer Yamamoto Brock McGinn 40 1 2 2
Penalty Kill 4 Players Defense
Defense Defense Time % Phy DF OF
1 Erik Gustafsson Marc Staal 60 1 2 2
2 Caleb Jones Yegor Zamula 40 1 2 2
Penalty Kill - 3 Players Forward
Forward Time % Phy DF OF
1 Kailer Yamamoto 60 1 2 2
2 Juuso Parssinen 40 1 2 2
Penalty Kill - 3 Players Defense
Defense Defense Time % Phy DF OF
1 Erik Gustafsson Marc Staal 60 1 2 2
2 Caleb Jones Yegor Zamula 40 1 2 2
4 vs 4 Forward
Center Wing Time % Phy DF OF
1 Raphael Lavoie Juuso Parssinen 60 1 2 2
2 Kailer Yamamoto Brock McGinn 40 1 2 2
4 vs 4 Defense
Defense Defense Time % Phy DF OF
1 Erik Gustafsson Marc Staal 60 1 2 2
2 Caleb Jones Yegor Zamula 40 1 2 2
Last Minutes Offensive
Center Left Wing Right Wing Defense Defense
Juuso Parssinen Brock McGinn Kailer Yamamoto Erik Gustafsson Marc Staal
Last Minutes Defensive
Center Left Wing Right Wing Defense Defense
Juuso Parssinen Brock McGinn Kailer Yamamoto Erik Gustafsson Marc Staal
Goaltenders
Starting : Joel Hofer
Backup : Sebastian Cossa
Extra Forwards
Normal : Juuso Parssinen, Samuel Fagemo, Raphael Lavoie - PP : Juuso Parssinen, Samuel Fagemo - PK : Raphael Lavoie
Extra Defensemen
Normal : David Jiricek, Jeremy Davies, Caleb Jones - PP : David Jiricek - PK : Jeremy Davies, Caleb Jones
Penalty Shots
Samuel Fagemo, Juuso Parssinen, Kailer Yamamoto, Brock McGinn, Dylan Holloway
Custom OT Lines Forwards
Adam Cracknell, Juuso Parssinen, Kailer Yamamoto, Brock McGinn, Dylan Holloway, Samuel Fagemo, Raphael Lavoie, Elmer Soderblom, Nathan Todd, Chase De Leo
Custom OT Lines Defensemen
Erik Gustafsson, Marc Staal, Caleb Jones, Yegor Zamula, David Jiricek
Scratches
Santtu Kinnunen (Healthy), Adam Ginning (Healthy), Henri Nikkanen (Healthy), William Trudeau (Healthy), Brendan Perlini (Healthy)
Tyce Thompson (Healthy), Mikael Pyyhtia (Healthy), Olle Lycksell (Healthy), Hayden Hodgson (Healthy), Adam Edstrom (Healthy)
Navrin Mutter (Healthy), Zack Ostapchuk (Healthy), Aku Raty (Healthy), Gustav Olofsson (Healthy), Alexander Kisakov (Healthy)
Maximus Wanner (Healthy), Andre Lee (Healthy), Carter Savoie (Healthy), Jeremy McKenna (Healthy), Ryan Hofer (Healthy)
Blade Jenkins (Healthy), Riley Sawchuk (Healthy), Judd Caulfield (Healthy), Tarun Fizer (Healthy), Jake Wise (Healthy)
Mitch Reinke (Healthy), Rourke Chartier (Healthy), Mike O'Leary (Healthy), Joel Teasdale (Healthy), Tate Singleton (Healthy)
Joseph Cecconi (Healthy), Peter DiLiberatore (Healthy), Leevi Merilainen (Healthy), Vadim Zherenko (Healthy), Remi Poirier (Healthy)
Colten Ellis (Healthy), Dustin Wolf (Healthy)
Gulls
5 vs 5 Forward
Center Left Wing Right Wing Time % Phy DF OF
1 Nick Caamano Scott Sabourin Gabriel Dumont 25 1 2 2
2 Cole Cassels Tyler Benson Sasha Pastujov 25 1 2 2
3 Hudson Elynuik Spencer Smallman Jacob Perreault 25 1 2 2
4 Cole Cassels Tyler Benson Sasha Pastujov 25 1 2 2
5 vs 5 Defense
Defense Defense Time % Phy DF OF
1 Alex Petrovic Maxime Lajoie 25 1 2 2
2 Seth Helgeson Ethan Del Mastro 25 1 2 2
3 Dylan McIlrath Trevor Carrick 25 1 2 2
4 Alex Petrovic Ethan Del Mastro 25 1 2 2
PowerPlay Forward
Center Left Wing Right Wing Time % Phy DF OF
1 Hudson Elynuik Spencer Smallman Gabriel Dumont 60 1 2 2
2 Cole Cassels Tyler Benson Sasha Pastujov 40 1 2 2
PowerPlay Defense
Defense Defense Time % Phy DF OF
1 Alex Petrovic Trevor Carrick 60 1 2 2
2 Maxime Lajoie Ethan Del Mastro 40 1 2 2
Penalty Kill 4 Players Forward
Center Wing Time % Phy DF OF
1 Sasha Pastujov Tyler Benson 60 1 2 2
2 Cole Cassels Spencer Smallman 40 1 2 2
Penalty Kill 4 Players Defense
Defense Defense Time % Phy DF OF
1 Trevor Carrick Alex Petrovic 60 1 2 2
2 Maxime Lajoie Ethan Del Mastro 40 1 2 2
Penalty Kill - 3 Players Forward
Forward Time % Phy DF OF
1 Cole Cassels 60 1 2 2
2 Sasha Pastujov 40 1 2 2
Penalty Kill - 3 Players Defense
Defense Defense Time % Phy DF OF
1 Trevor Carrick Alex Petrovic 60 1 2 2
2 Seth Helgeson Ethan Del Mastro 40 1 2 2
4 vs 4 Forward
Center Wing Time % Phy DF OF
1 Sasha Pastujov Hudson Elynuik 60 1 2 2
2 Cole Cassels Spencer Smallman 40 1 2 2
4 vs 4 Defense
Defense Defense Time % Phy DF OF
1 Alex Petrovic Maxime Lajoie 60 1 2 2
2 Trevor Carrick Ethan Del Mastro 40 1 2 2
Last Minutes Offensive
Center Left Wing Right Wing Defense Defense
Cole Cassels Hudson Elynuik Sasha Pastujov Ethan Del Mastro Alex Petrovic
Last Minutes Defensive
Center Left Wing Right Wing Defense Defense
Cole Cassels Hudson Elynuik Sasha Pastujov Ethan Del Mastro Alex Petrovic
Goaltenders
Starting : Farm Goalie 46
Backup : Keith Kinkaid
Extra Forwards
Normal : Spencer Smallman, Sasha Pastujov, Cole Cassels - PP : Spencer Smallman, Cole Cassels - PK : Cole Cassels
Extra Defensemen
Normal : Ethan Del Mastro, Trevor Carrick, Alex Petrovic - PP : Ethan Del Mastro - PK : Trevor Carrick, Ethan Del Mastro
Penalty Shots
Spencer Smallman, Sasha Pastujov, Cole Cassels, Nick Caamano, Gabriel Dumont
Custom OT Lines Forwards
Spencer Smallman, Nick Caamano, Cole Cassels, Tyler Benson, Hudson Elynuik, Gabriel Dumont, Sasha Pastujov, Scott Sabourin, Jacob Perreault, Chase Stillman
Custom OT Lines Defensemen
Alex Petrovic, Maxime Lajoie, Seth Helgeson, Ethan Del Mastro, Trevor Carrick
Scratches
Matvei Petrov (Healthy), Alex Peters (Healthy), Shane Bowers (Healthy), Jamieson Rees (Healthy), Travis Howe (Healthy)
Brennan Saulnier (Healthy), Anthony Vincent (Healthy), Ryan Wagner (Healthy), Brandon Hickey (Healthy), Dalton Smith (Healthy)
Mitchell Vande Sompel (Healthy), Farm Goalie 21 (Healthy)
% Time on Ice - Silver Tips
Lines # - Real PCT - Wanted PCT - Time Play
Normal Forward
1 - 18% - 25% - 7:24
2 - 31% - 25% - 12:27
3 - 31% - 25% - 12:33
4 - 20% - 25% - 7:59
Normal Defense
1 - 19% - 25% - 7:43
2 - 30% - 25% - 12:13
3 - 32% - 25% - 12:50
4 - 19% - 25% - 7:37
PP Forward
1 - 52% - 60% - 8:11
2 - 48% - 40% - 7:29
PP Defense
1 - 51% - 60% - 8:00
2 - 49% - 40% - 7:40
PK Forward
1 - 100% - 60% - 1:58
2 - 0% - 40% - 0:00
PK Defense
1 - 64% - 60% - 1:16
2 - 36% - 40% - 0:42
PK3 Forward
1 - 90% - 60% - 1:47
2 - 10% - 40% - 0:12
PK3 Defense
1 - 38% - 60% - 0:45
2 - 62% - 40% - 1:14
44 Forward
1 - 0% - 60%
2 - 0% - 40%
44 Defense
1 - 0% - 60%
2 - 0% - 40%
Last Minute Offensive - 0:00
Last Minute Defensive - 0:00
Total
Forward - 60:00
Defense - 60:00
|
% Time on Ice - Gulls
Lines # - Real PCT - Wanted PCT - Time Play
Normal Forward
1 - 33% - 25% - 13:26
2 - 17% - 25% - 6:55
3 - 32% - 25% - 12:58
4 - 17% - 25% - 7:04
Normal Defense
1 - 27% - 25% - 10:51
2 - 24% - 25% - 9:40
3 - 34% - 25% - 13:39
4 - 15% - 25% - 6:13
PP Forward
1 - 50% - 60% - 1:58
2 - 50% - 40% - 1:59
PP Defense
1 - 51% - 60% - 2:01
2 - 49% - 40% - 1:56
PK Forward
1 - 65% - 60% - 8:37
2 - 35% - 40% - 4:34
PK Defense
1 - 52% - 60% - 6:52
2 - 48% - 40% - 6:19
PK3 Forward
1 - 81% - 60% - 2:01
2 - 19% - 40% - 0:28
PK3 Defense
1 - 43% - 60% - 1:04
2 - 57% - 40% - 1:25
44 Forward
1 - 0% - 60%
2 - 0% - 40%
44 Defense
1 - 0% - 60%
2 - 0% - 40%
Last Minute Offensive - 0:00
Last Minute Defensive - 0:00
Total
Forward - 60:00
Defense - 60:00
|
Play-by-Play
1st period
0:01 of 1st period - Nick Caamano wins face-off versus Juuso Parssinen in neutral zone.
0:15 of 1st period - Maxime Lajoie is hit by Juuso Parssinen.
0:31 of 1st period - Marc Staal is hit by Scott Sabourin and loses puck.
0:39 of 1st period - Nick Caamano is hit by Erik Gustafsson.
1:13 of 1st period - Shot by Brock McGinn.
1:13 of 1st period - Shot Misses the Net.
1:46 of 1st period - Icing by Samuel Fagemo.
1:47 of 1st period - Raphael Lavoie wins face-off versus Hudson Elynuik in Silver Tips zone.
1:47 of 1st period - David Jiricek is hit by Jacob Perreault and loses puck.
1:56 of 1st period - Shot by Jacob Perreault.
1:56 of 1st period - Shot Misses the Net.
1:58 of 1st period - Shot by Hudson Elynuik.
1:58 of 1st period - Shot Blocked by David Jiricek.
2:02 of 1st period - Shot by Hudson Elynuik.
2:02 of 1st period - Stopped by Joel Hofer with a rebound.
2:04 of 1st period - Shot by Dylan McIlrath.
2:04 of 1st period - Goal by Dylan McIlrath - Silver Tips : 0 - Gulls : 1.
2:05 of 1st period - Nathan Todd wins face-off versus Nick Caamano in neutral zone.
2:07 of 1st period - Off-side.
2:08 of 1st period - Raphael Lavoie wins face-off versus Hudson Elynuik in neutral zone.
2:08 of 1st period - Minor Penalty to Hudson Elynuik for Tripping.
2:09 of 1st period - Juuso Parssinen wins face-off versus Sasha Pastujov in Gulls zone.
2:20 of 1st period - Shot by Juuso Parssinen.
2:20 of 1st period - Stopped by Farm Goalie 46 with a rebound.
2:28 of 1st period - Shot by Trevor Carrick.
2:28 of 1st period - Shot Misses the Net.
3:11 of 1st period - Icing by Yegor Zamula.
3:12 of 1st period - Dylan Holloway wins face-off versus Cole Cassels in Silver Tips zone.
3:27 of 1st period - Shot by Yegor Zamula.
3:27 of 1st period - Shot Misses the Net.
3:31 of 1st period - Shot by Dylan Holloway.
3:31 of 1st period - Stopped by Farm Goalie 46 with a rebound.
4:02 of 1st period - Shot by Kailer Yamamoto.
4:02 of 1st period - Stopped by Farm Goalie 46 with a rebound.
4:04 of 1st period - Shot by Kailer Yamamoto.
4:04 of 1st period - Shot Blocked by Maxime Lajoie.
4:18 of 1st period - Shot by Gabriel Dumont.
4:18 of 1st period - Shot Misses the Net.
4:33 of 1st period - Adam Cracknell is hit by Dylan McIlrath and loses puck.
4:34 of 1st period - Minor Penalty to Dylan McIlrath for Slashing.
4:35 of 1st period - Dylan Holloway wins face-off versus Sasha Pastujov in Gulls zone.
4:54 of 1st period - Shot by Yegor Zamula.
4:54 of 1st period - Shot Misses the Net.
4:56 of 1st period - Shot by Elmer Soderblom.
4:56 of 1st period - Shot Misses the Net.
4:58 of 1st period - Shot by Dylan Holloway.
4:58 of 1st period - Stopped by Farm Goalie 46 with a rebound.
5:00 of 1st period - Shot by Caleb Jones.
5:00 of 1st period - Shot Misses the Net.
5:02 of 1st period - Shot by Caleb Jones.
5:02 of 1st period - Stopped by Farm Goalie 46 with a rebound.
5:04 of 1st period - Shot by Yegor Zamula.
5:04 of 1st period - Shot Misses the Net.
5:28 of 1st period - Shot by Juuso Parssinen.
5:28 of 1st period - Shot Blocked by Alex Petrovic.
5:30 of 1st period - Shot by Samuel Fagemo.
5:30 of 1st period - Shot Misses the Net.
5:32 of 1st period - Shot by Kailer Yamamoto.
5:32 of 1st period - Goal by Kailer Yamamoto - Silver Tips : 1 - Gulls : 1.
5:33 of 1st period - Raphael Lavoie wins face-off versus Nick Caamano in neutral zone.
5:54 of 1st period - Shot by Chase De Leo.
5:54 of 1st period - Shot Misses the Net.
5:56 of 1st period - Shot by Chase De Leo.
5:56 of 1st period - Deflect By Samuel Fagemo.
5:56 of 1st period - Shot Blocked by Trevor Carrick.
5:58 of 1st period - Shot by Samuel Fagemo.
5:58 of 1st period - Stopped by Farm Goalie 46 with a rebound.
6:00 of 1st period - Shot by Raphael Lavoie.
6:00 of 1st period - Shot Misses the Net.
6:02 of 1st period - Shot by David Jiricek.
6:02 of 1st period - Shot Misses the Net.
6:14 of 1st period - Icing by Trevor Carrick.
6:15 of 1st period - Nick Caamano wins face-off versus Dylan Holloway in Gulls zone.
6:52 of 1st period - Icing by Dylan McIlrath.
6:53 of 1st period - Nick Caamano wins face-off versus Kailer Yamamoto in Gulls zone.
7:07 of 1st period - Minor Penalty to Jacob Perreault for Cross-checking.
7:08 of 1st period - Sasha Pastujov wins face-off versus Juuso Parssinen in Gulls zone.
7:37 of 1st period - Shot by Yegor Zamula.
7:37 of 1st period - Stopped by Farm Goalie 46 with a rebound.
8:33 of 1st period - Kailer Yamamoto is hit by Spencer Smallman and loses puck.
8:59 of 1st period - Olivier Galipeau is hit by Adam Cracknell and loses puck.
9:14 of 1st period - Shot by Chase De Leo.
9:14 of 1st period - Goal by Chase De Leo - Silver Tips : 2 - Gulls : 1.
9:15 of 1st period - Raphael Lavoie wins face-off versus Hudson Elynuik in neutral zone.
9:48 of 1st period - Shot by Chase De Leo.
9:48 of 1st period - Shot Blocked by Spencer Smallman.
10:02 of 1st period - Shot by Dylan Holloway.
10:02 of 1st period - Stopped by Farm Goalie 46 without a rebound.
10:03 of 1st period - Nathan Todd wins face-off versus Nick Caamano in Gulls zone.
10:54 of 1st period - Brock McGinn is hit by Trevor Carrick and loses puck.
10:57 of 1st period - Shot by Brock McGinn.
10:57 of 1st period - Deflect By Dylan Holloway.
10:57 of 1st period - Shot Misses the Net.
10:59 of 1st period - Shot by Yegor Zamula.
10:59 of 1st period - Goal by Yegor Zamula - Silver Tips : 3 - Gulls : 1.
11:00 of 1st period - Cole Cassels wins face-off versus Raphael Lavoie in neutral zone.
12:20 of 1st period - Shot by Dylan Holloway.
12:20 of 1st period - Shot Misses the Net.
12:26 of 1st period - Shot by Brock McGinn.
12:26 of 1st period - Stopped by Farm Goalie 46 with a rebound.
12:28 of 1st period - Shot by Brock McGinn.
12:28 of 1st period - Deflect By Dylan Holloway.
12:28 of 1st period - Stopped by Farm Goalie 46 with a rebound.
12:45 of 1st period - Icing by Spencer Smallman.
12:46 of 1st period - Juuso Parssinen wins face-off versus Hudson Elynuik in Gulls zone.
12:51 of 1st period - Shot by Kailer Yamamoto.
12:51 of 1st period - Goal by Kailer Yamamoto - Silver Tips : 4 - Gulls : 1.
12:51 of 1st period - Keith Kinkaid enters game.
12:52 of 1st period - Nathan Todd wins face-off versus Nick Caamano in neutral zone.
12:52 of 1st period - Minor Penalty to Scott Sabourin for Tripping.
12:53 of 1st period - Juuso Parssinen wins face-off versus Sasha Pastujov in Gulls zone.
12:54 of 1st period - Shot by Samuel Fagemo.
12:54 of 1st period - Goal by Samuel Fagemo - Silver Tips : 5 - Gulls : 1.
12:55 of 1st period - Cole Cassels wins face-off versus Nathan Todd in neutral zone.
12:55 of 1st period - Sasha Pastujov is hit by Kailer Yamamoto and loses puck.
13:16 of 1st period - Shot by Adam Cracknell.
13:16 of 1st period - Shot Misses the Net.
13:22 of 1st period - Shot by Nathan Todd.
13:22 of 1st period - Shot Misses the Net.
13:28 of 1st period - Shot by Nathan Todd.
13:28 of 1st period - Stopped by Keith Kinkaid without a rebound.
13:29 of 1st period - Dylan Holloway wins face-off versus Nick Caamano in Gulls zone.
13:35 of 1st period - Icing by Scott Sabourin.
13:36 of 1st period - Dylan Holloway wins face-off versus Nick Caamano in Gulls zone.
13:51 of 1st period - Shot by Dylan Holloway.
13:51 of 1st period - Stopped by Keith Kinkaid with a rebound.
14:09 of 1st period - Shot by Brock McGinn.
14:09 of 1st period - Shot Misses the Net.
14:54 of 1st period - Shot by Tyler Benson.
14:54 of 1st period - Stopped by Joel Hofer without a rebound.
14:55 of 1st period - Raphael Lavoie wins face-off versus Jacob Perreault in Silver Tips zone.
15:10 of 1st period - Chase De Leo is hit by Hudson Elynuik and loses puck.
15:19 of 1st period - Icing by Maxime Lajoie.
15:20 of 1st period - Nathan Todd wins face-off versus Hudson Elynuik in Gulls zone.
17:19 of 1st period - Icing by Ethan Del Mastro.
17:20 of 1st period - Cole Cassels wins face-off versus Juuso Parssinen in Gulls zone.
17:27 of 1st period - Shot by Tyler Benson.
17:27 of 1st period - Stopped by Joel Hofer without a rebound.
17:28 of 1st period - Juuso Parssinen wins face-off versus Nick Caamano in Silver Tips zone.
18:06 of 1st period - Icing by Dylan McIlrath.
18:07 of 1st period - Nick Caamano wins face-off versus Dylan Holloway in Gulls zone.
18:49 of 1st period - Icing by Trevor Carrick.
18:50 of 1st period - Raphael Lavoie wins face-off versus Nick Caamano in Gulls zone.
18:53 of 1st period - Shot by Samuel Fagemo.
18:53 of 1st period - Shot Misses the Net.
19:21 of 1st period - Shot by Samuel Fagemo.
19:21 of 1st period - Shot Blocked by Seth Helgeson.
19:37 of 1st period - Shot by Cole Cassels.
19:37 of 1st period - Stopped by Joel Hofer without a rebound.
19:38 of 1st period - Nathan Todd wins face-off versus Jacob Perreault in Silver Tips zone.
Goals for this period are 5 for Silver Tips vs 1 for Gulls.
Shots for this period are 17 for Silver Tips vs 5 for Gulls.
2nd period
0:01 of 2nd period - Cole Cassels wins face-off versus Juuso Parssinen in neutral zone.
0:05 of 2nd period - Alex Petrovic is hit by Marc Staal and loses puck.
0:12 of 2nd period - Shot by Sasha Pastujov.
0:12 of 2nd period - Shot Misses the Net.
0:14 of 2nd period - Shot by Tyler Benson.
0:14 of 2nd period - Shot Blocked by Marc Staal.
0:18 of 2nd period - Shot by Sasha Pastujov.
0:18 of 2nd period - Deflect By Cole Cassels.
0:18 of 2nd period - Shot Blocked by Juuso Parssinen.
0:28 of 2nd period - Shot by Cole Cassels.
0:28 of 2nd period - Shot Misses the Net.
0:30 of 2nd period - Shot by Ethan Del Mastro.
0:30 of 2nd period - Stopped by Joel Hofer without a rebound.
0:31 of 2nd period - Dylan Holloway wins face-off versus Hudson Elynuik in Silver Tips zone.
0:48 of 2nd period - Shot by Dylan Holloway.
0:48 of 2nd period - Shot Misses the Net.
0:50 of 2nd period - Shot by Elmer Soderblom.
0:50 of 2nd period - Deflect By Dylan Holloway.
0:50 of 2nd period - Stopped by Keith Kinkaid without a rebound.
0:51 of 2nd period - Nick Caamano wins face-off versus Raphael Lavoie in Gulls zone.
0:56 of 2nd period - Shot by Samuel Fagemo.
0:56 of 2nd period - Stopped by Keith Kinkaid without a rebound.
0:57 of 2nd period - Sasha Pastujov wins face-off versus Nathan Todd in Gulls zone.
2:58 of 2nd period - Minor Penalty to Scott Sabourin for Interference.
2:59 of 2nd period - Juuso Parssinen wins face-off versus Sasha Pastujov in Gulls zone.
3:24 of 2nd period - David Jiricek is hit by Trevor Carrick.
3:28 of 2nd period - Shot by Juuso Parssinen.
3:28 of 2nd period - Goal by Juuso Parssinen - Silver Tips : 6 - Gulls : 1.
3:29 of 2nd period - Raphael Lavoie wins face-off versus Nick Caamano in neutral zone.
3:34 of 2nd period - Shot by Chase De Leo.
3:34 of 2nd period - Shot Blocked by Seth Helgeson.
3:37 of 2nd period - Icing by Seth Helgeson.
3:38 of 2nd period - Nick Caamano wins face-off versus Dylan Holloway in Gulls zone.
3:38 of 2nd period - Nick Caamano is hit by Dylan Holloway.
3:56 of 2nd period - Shot by Gabriel Dumont.
3:56 of 2nd period - Stopped by Joel Hofer without a rebound.
3:57 of 2nd period - Juuso Parssinen wins face-off versus Hudson Elynuik in Silver Tips zone.
3:57 of 2nd period - Juuso Parssinen is hit by Jacob Perreault.
4:00 of 2nd period - Erik Gustafsson is hit by Hudson Elynuik and loses puck.
4:06 of 2nd period - Nathan Todd is hit by Maxime Lajoie and loses puck.
4:46 of 2nd period - Caleb Jones is hit by Spencer Smallman and loses puck.
4:53 of 2nd period - Shot by Yegor Zamula.
4:53 of 2nd period - Stopped by Keith Kinkaid without a rebound.
4:54 of 2nd period - Dylan Holloway wins face-off versus Cole Cassels in Gulls zone.
5:11 of 2nd period - Shot by Brock McGinn.
5:11 of 2nd period - Shot Misses the Net.
5:38 of 2nd period - Icing by Dylan Holloway.
5:39 of 2nd period - Dylan Holloway wins face-off versus Nick Caamano in Silver Tips zone.
5:58 of 2nd period - Shot by Gabriel Dumont.
5:58 of 2nd period - Shot Blocked by David Jiricek.
6:00 of 2nd period - Shot by Gabriel Dumont.
6:00 of 2nd period - Shot Misses the Net.
6:02 of 2nd period - Shot by Gabriel Dumont.
6:02 of 2nd period - Stopped by Joel Hofer with a rebound.
6:04 of 2nd period - Shot by Nick Caamano.
6:04 of 2nd period - Goal by Nick Caamano - Silver Tips : 6 - Gulls : 2.
6:05 of 2nd period - Juuso Parssinen wins face-off versus Hudson Elynuik in neutral zone.
6:18 of 2nd period - Shot by Kailer Yamamoto.
6:18 of 2nd period - Stopped by Keith Kinkaid without a rebound.
6:19 of 2nd period - Raphael Lavoie wins face-off versus Tyler Benson in Gulls zone.
6:22 of 2nd period - Shot by Samuel Fagemo.
6:22 of 2nd period - Stopped by Keith Kinkaid without a rebound.
6:23 of 2nd period - Nathan Todd wins face-off versus Cole Cassels in Gulls zone.
6:41 of 2nd period - Icing by Alex Petrovic.
6:42 of 2nd period - Cole Cassels wins face-off versus Chase De Leo in Gulls zone.
6:42 of 2nd period - Cole Cassels is hit by Samuel Fagemo.
7:43 of 2nd period - Minor Penalty to Jacob Perreault for Cross-checking.
7:44 of 2nd period - Hudson Elynuik wins face-off versus Dylan Holloway in Gulls zone.
7:53 of 2nd period - Shot by Erik Gustafsson.
7:53 of 2nd period - Shot Misses the Net.
7:55 of 2nd period - Shot by Brock McGinn.
7:55 of 2nd period - Stopped by Keith Kinkaid with a rebound.
8:03 of 2nd period - Shot by Erik Gustafsson.
8:03 of 2nd period - Shot Blocked by Trevor Carrick.
8:05 of 2nd period - Shot by Erik Gustafsson.
8:05 of 2nd period - Stopped by Keith Kinkaid without a rebound.
8:06 of 2nd period - Juuso Parssinen wins face-off versus Cole Cassels in Gulls zone.
8:08 of 2nd period - Samuel Fagemo is hit by Alex Petrovic and loses puck.
8:21 of 2nd period - Shot by Juuso Parssinen.
8:21 of 2nd period - Shot Misses the Net.
8:23 of 2nd period - Shot by Yegor Zamula.
8:23 of 2nd period - Shot Misses the Net.
8:29 of 2nd period - Shot by Kailer Yamamoto.
8:29 of 2nd period - Goal by Kailer Yamamoto - Silver Tips : 7 - Gulls : 2.
8:30 of 2nd period - Hudson Elynuik wins face-off versus Dylan Holloway in neutral zone.
9:17 of 2nd period - Off-side.
9:18 of 2nd period - Nathan Todd wins face-off versus Nick Caamano in neutral zone.
9:41 of 2nd period - Icing by Nick Caamano.
9:42 of 2nd period - Nick Caamano wins face-off versus Raphael Lavoie in Gulls zone.
10:04 of 2nd period - Icing by Dylan McIlrath.
10:05 of 2nd period - Nick Caamano wins face-off versus Juuso Parssinen in Gulls zone.
10:25 of 2nd period - Icing by Maxime Lajoie.
10:26 of 2nd period - Raphael Lavoie wins face-off versus Tyler Benson in Gulls zone.
10:26 of 2nd period - Caleb Jones is hit by Alex Petrovic and loses puck.
10:41 of 2nd period - Shot by Sasha Pastujov.
10:41 of 2nd period - Deflect By Tyler Benson.
10:41 of 2nd period - Stopped by Joel Hofer without a rebound.
10:42 of 2nd period - Nathan Todd wins face-off versus Hudson Elynuik in Silver Tips zone.
10:42 of 2nd period - Nathan Todd is hit by Hudson Elynuik.
11:05 of 2nd period - Jacob Perreault is hit by Marc Staal and loses puck.
11:19 of 2nd period - Off-side.
11:20 of 2nd period - Cole Cassels wins face-off versus Raphael Lavoie in neutral zone.
11:26 of 2nd period - Icing by Caleb Jones.
11:27 of 2nd period - Cole Cassels wins face-off versus Raphael Lavoie in Silver Tips zone.
11:58 of 2nd period - Chase De Leo is hit by Sasha Pastujov and loses puck.
12:20 of 2nd period - Yegor Zamula is hit by Ethan Del Mastro.
12:42 of 2nd period - Shot by Juuso Parssinen.
12:42 of 2nd period - Stopped by Keith Kinkaid with a rebound.
12:45 of 2nd period - Minor Penalty to Ethan Del Mastro for High sticking.
12:46 of 2nd period - Dylan Holloway wins face-off versus Sasha Pastujov in Gulls zone.
13:39 of 2nd period - Shot by Kailer Yamamoto.
13:39 of 2nd period - Stopped by Keith Kinkaid without a rebound.
13:40 of 2nd period - Cole Cassels wins face-off versus Samuel Fagemo in Gulls zone.
13:59 of 2nd period - Shot by Erik Gustafsson.
13:59 of 2nd period - Stopped by Keith Kinkaid without a rebound.
14:00 of 2nd period - Dylan Holloway wins face-off versus Cole Cassels in Gulls zone.
14:03 of 2nd period - Shot by Brock McGinn.
14:03 of 2nd period - Shot Misses the Net.
14:46 of 2nd period - Icing by Elmer Soderblom.
14:47 of 2nd period - Hudson Elynuik wins face-off versus Nathan Todd in Silver Tips zone.
14:50 of 2nd period - Shot by Jacob Perreault.
14:50 of 2nd period - Stopped by Joel Hofer without a rebound.
14:51 of 2nd period - Hudson Elynuik wins face-off versus Juuso Parssinen in Silver Tips zone.
15:05 of 2nd period - Jacob Perreault is hit by Jeremy Davies and loses puck.
15:20 of 2nd period - Shot by Nathan Todd.
15:20 of 2nd period - Stopped by Keith Kinkaid without a rebound.
15:21 of 2nd period - Raphael Lavoie wins face-off versus Cole Cassels in Gulls zone.
15:47 of 2nd period - Shot by Tyler Benson.
15:47 of 2nd period - Shot Misses the Net.
15:49 of 2nd period - Shot by Dylan McIlrath.
15:49 of 2nd period - Shot Misses the Net.
15:51 of 2nd period - Shot by Dylan McIlrath.
15:51 of 2nd period - Stopped by Joel Hofer without a rebound.
15:52 of 2nd period - Dylan Holloway wins face-off versus Scott Sabourin in Silver Tips zone.
16:43 of 2nd period - Gabriel Dumont is hit by Adam Cracknell and loses puck.
16:48 of 2nd period - Shot by Yegor Zamula.
16:48 of 2nd period - Shot Blocked by Gabriel Dumont.
16:50 of 2nd period - Shot by Yegor Zamula.
16:50 of 2nd period - Shot Misses the Net.
16:52 of 2nd period - Shot by Nathan Todd.
16:52 of 2nd period - Stopped by Keith Kinkaid without a rebound.
16:53 of 2nd period - Raphael Lavoie wins face-off versus Cole Cassels in Gulls zone.
17:05 of 2nd period - Chase De Leo is hit by Dylan McIlrath and loses puck.
17:17 of 2nd period - Erik Gustafsson is hit by Dylan McIlrath and loses puck.
17:59 of 2nd period - Kailer Yamamoto is hit by Maxime Lajoie and loses puck.
18:32 of 2nd period - Icing by Alex Petrovic.
18:33 of 2nd period - Dylan Holloway wins face-off versus Hudson Elynuik in Gulls zone.
18:57 of 2nd period - Off-side.
18:58 of 2nd period - Cole Cassels wins face-off versus Nathan Todd in neutral zone.
19:38 of 2nd period - Off-side.
19:39 of 2nd period - Nick Caamano wins face-off versus Dylan Holloway in neutral zone.
Goals for this period are 2 for Silver Tips vs 1 for Gulls.
Shots for this period are 14 for Silver Tips vs 7 for Gulls.
3rd period
0:01 of 3rd period - Juuso Parssinen wins face-off versus Cole Cassels in neutral zone.
0:03 of 3rd period - Marc Staal is hit by Sasha Pastujov and loses puck.
0:15 of 3rd period - Off-side.
0:16 of 3rd period - Dylan Holloway wins face-off versus Hudson Elynuik in neutral zone.
2:43 of 3rd period - Minor Penalty to Dylan McIlrath for Roughing.
2:44 of 3rd period - Hudson Elynuik wins face-off versus Juuso Parssinen in Gulls zone.
2:44 of 3rd period - Hudson Elynuik is hit by Juuso Parssinen.
2:54 of 3rd period - Shot by Kailer Yamamoto.
2:54 of 3rd period - Shot Blocked by Maxime Lajoie.
2:56 of 3rd period - Shot by Juuso Parssinen.
2:56 of 3rd period - Shot Misses the Net.
2:58 of 3rd period - Shot by Marc Staal.
2:58 of 3rd period - Shot Hit the Post.
3:03 of 3rd period - Shot by Erik Gustafsson.
3:03 of 3rd period - Stopped by Keith Kinkaid without a rebound.
3:04 of 3rd period - Hudson Elynuik wins face-off versus Dylan Holloway in Gulls zone.
3:04 of 3rd period - Hudson Elynuik is hit by Elmer Soderblom.
3:47 of 3rd period - Maxime Lajoie is hit by Juuso Parssinen and loses puck.
3:56 of 3rd period - Shot by Juuso Parssinen.
3:56 of 3rd period - Deflect By Kailer Yamamoto.
3:56 of 3rd period - Shot Blocked by Maxime Lajoie.
3:58 of 3rd period - Shot by Kailer Yamamoto.
3:58 of 3rd period - Shot Misses the Net.
4:00 of 3rd period - Shot by Juuso Parssinen.
4:00 of 3rd period - Stopped by Keith Kinkaid without a rebound.
4:01 of 3rd period - Juuso Parssinen wins face-off versus Sasha Pastujov in Gulls zone.
4:46 of 3rd period - Shot by Brock McGinn.
4:46 of 3rd period - Stopped by Keith Kinkaid without a rebound.
4:47 of 3rd period - Dylan Holloway wins face-off versus Nick Caamano in Gulls zone.
4:54 of 3rd period - Shot by Elmer Soderblom.
4:54 of 3rd period - Stopped by Keith Kinkaid with a rebound.
4:59 of 3rd period - Minor Penalty to Trevor Carrick for Holding.
5:00 of 3rd period - Cole Cassels wins face-off versus Dylan Holloway in Gulls zone.
5:17 of 3rd period - Shot by Yegor Zamula.
5:17 of 3rd period - Shot Blocked by Ethan Del Mastro.
5:23 of 3rd period - Shot by Yegor Zamula.
5:23 of 3rd period - Shot Misses the Net.
5:26 of 3rd period - Double Minor Penalty to Ethan Del Mastro for Slashing.
5:27 of 3rd period - Cole Cassels wins face-off versus Juuso Parssinen in Gulls zone.
5:52 of 3rd period - Shot by Marc Staal.
5:52 of 3rd period - Stopped by Keith Kinkaid without a rebound.
5:53 of 3rd period - Cole Cassels wins face-off versus Dylan Holloway in Gulls zone.
6:18 of 3rd period - Shot by Yegor Zamula.
6:18 of 3rd period - Shot Misses the Net.
6:20 of 3rd period - Shot by Brock McGinn.
6:20 of 3rd period - Shot Misses the Net.
6:22 of 3rd period - Shot by Caleb Jones.
6:22 of 3rd period - Shot Misses the Net.
6:39 of 3rd period - Shot by Juuso Parssinen.
6:39 of 3rd period - Shot Misses the Net.
7:20 of 3rd period - Shot by Caleb Jones.
7:20 of 3rd period - Shot Misses the Net.
7:22 of 3rd period - Shot by Yegor Zamula.
7:22 of 3rd period - Shot Misses the Net.
7:44 of 3rd period - Shot by Erik Gustafsson.
7:44 of 3rd period - Shot Blocked by Dylan McIlrath.
7:46 of 3rd period - Shot by Brock McGinn.
7:46 of 3rd period - Shot Misses the Net.
7:55 of 3rd period - Icing by Elmer Soderblom.
7:56 of 3rd period - Cole Cassels wins face-off versus Dylan Holloway in Silver Tips zone.
8:28 of 3rd period - Minor Penalty to Trevor Carrick for Cross-checking.
8:29 of 3rd period - Juuso Parssinen wins face-off versus Hudson Elynuik in Gulls zone.
8:32 of 3rd period - Shot by Juuso Parssinen.
8:32 of 3rd period - Stopped by Keith Kinkaid with a rebound.
8:42 of 3rd period - Shot by Juuso Parssinen.
8:42 of 3rd period - Shot Misses the Net.
8:44 of 3rd period - Shot by Jeremy Davies.
8:44 of 3rd period - Shot Misses the Net.
8:52 of 3rd period - Shot by Jeremy Davies.
8:52 of 3rd period - Stopped by Keith Kinkaid without a rebound.
8:53 of 3rd period - Cole Cassels wins face-off versus Dylan Holloway in Gulls zone.
9:06 of 3rd period - Shot by Brock McGinn.
9:06 of 3rd period - Stopped by Keith Kinkaid without a rebound.
9:07 of 3rd period - Juuso Parssinen wins face-off versus Cole Cassels in Gulls zone.
9:29 of 3rd period - Juuso Parssinen is hit by Ethan Del Mastro and loses puck.
10:19 of 3rd period - Dylan McIlrath is hit by Elmer Soderblom and loses puck.
10:39 of 3rd period - Shot by Scott Sabourin.
10:39 of 3rd period - Stopped by Joel Hofer without a rebound.
10:40 of 3rd period - Hudson Elynuik wins face-off versus Nathan Todd in Silver Tips zone.
12:01 of 3rd period - Icing by Yegor Zamula.
12:02 of 3rd period - Dylan Holloway wins face-off versus Cole Cassels in Silver Tips zone.
12:29 of 3rd period - Shot by Raphael Lavoie.
12:29 of 3rd period - Deflect By Chase De Leo.
12:29 of 3rd period - Stopped by Keith Kinkaid without a rebound.
12:30 of 3rd period - Juuso Parssinen wins face-off versus Hudson Elynuik in Gulls zone.
13:01 of 3rd period - Shot by Spencer Smallman.
13:01 of 3rd period - Shot Misses the Net.
13:03 of 3rd period - Shot by Alex Petrovic.
13:03 of 3rd period - Goal by Alex Petrovic - Silver Tips : 7 - Gulls : 3.
13:04 of 3rd period - Cole Cassels wins face-off versus Samuel Fagemo in neutral zone.
13:12 of 3rd period - Icing by Caleb Jones.
13:13 of 3rd period - Nick Caamano wins face-off versus Raphael Lavoie in Silver Tips zone.
13:30 of 3rd period - Shot by Nick Caamano.
13:30 of 3rd period - Shot Misses the Net.
13:36 of 3rd period - Shot by Samuel Fagemo.
13:36 of 3rd period - Stopped by Keith Kinkaid without a rebound.
13:37 of 3rd period - Dylan Holloway wins face-off versus Cole Cassels in Gulls zone.
13:37 of 3rd period - Brock McGinn is hit by Alex Petrovic and loses puck.
13:47 of 3rd period - Minor Penalty to Dylan Holloway for Hooking.
13:48 of 3rd period - Hudson Elynuik wins face-off versus Raphael Lavoie in Silver Tips zone.
13:59 of 3rd period - Shot by Spencer Smallman.
13:59 of 3rd period - Shot Misses the Net.
14:01 of 3rd period - Shot by Alex Petrovic.
14:01 of 3rd period - Stopped by Joel Hofer without a rebound.
14:02 of 3rd period - Adam Cracknell wins face-off versus Cole Cassels in Silver Tips zone.
14:23 of 3rd period - Yegor Zamula is hit by Tyler Benson and loses puck.
14:54 of 3rd period - Shot by Trevor Carrick.
14:54 of 3rd period - Shot Misses the Net.
14:56 of 3rd period - Shot by Alex Petrovic.
14:56 of 3rd period - Shot Misses the Net.
14:58 of 3rd period - Shot by Trevor Carrick.
14:58 of 3rd period - Shot Misses the Net.
15:00 of 3rd period - Shot by Trevor Carrick.
15:00 of 3rd period - Stopped by Joel Hofer without a rebound.
15:01 of 3rd period - Hudson Elynuik wins face-off versus Juuso Parssinen in Silver Tips zone.
15:08 of 3rd period - Shot by Alex Petrovic.
15:08 of 3rd period - Shot Misses the Net.
15:10 of 3rd period - Shot by Spencer Smallman.
15:10 of 3rd period - Shot Misses the Net.
15:12 of 3rd period - Shot by Spencer Smallman.
15:12 of 3rd period - Shot Misses the Net.
15:14 of 3rd period - Shot by Alex Petrovic.
15:14 of 3rd period - Stopped by Joel Hofer with a rebound.
15:16 of 3rd period - Shot by Spencer Smallman.
15:16 of 3rd period - Stopped by Joel Hofer without a rebound.
15:17 of 3rd period - Cole Cassels wins face-off versus Raphael Lavoie in Silver Tips zone.
15:27 of 3rd period - Minor Penalty to Caleb Jones for Roughing.
15:28 of 3rd period - Kailer Yamamoto wins face-off versus Hudson Elynuik in Silver Tips zone.
15:28 of 3rd period - Kailer Yamamoto is hit by Spencer Smallman.
15:45 of 3rd period - Minor Penalty to Erik Gustafsson for Hooking.
15:46 of 3rd period - Cole Cassels wins face-off versus Kailer Yamamoto in Silver Tips zone.
15:51 of 3rd period - Shot by Cole Cassels.
15:51 of 3rd period - Shot Blocked by Kailer Yamamoto.
16:19 of 3rd period - Shot by Cole Cassels.
16:19 of 3rd period - Stopped by Joel Hofer without a rebound.
16:20 of 3rd period - Hudson Elynuik wins face-off versus Juuso Parssinen in Silver Tips zone.
16:41 of 3rd period - Shot by Gabriel Dumont.
16:41 of 3rd period - Stopped by Joel Hofer without a rebound.
16:42 of 3rd period - Cole Cassels wins face-off versus Kailer Yamamoto in Silver Tips zone.
16:55 of 3rd period - Shot by Sasha Pastujov.
16:55 of 3rd period - Stopped by Joel Hofer with a rebound.
17:08 of 3rd period - Shot by Sasha Pastujov.
17:08 of 3rd period - Stopped by Joel Hofer with a rebound.
17:10 of 3rd period - Shot by Sasha Pastujov.
17:10 of 3rd period - Shot Blocked by Yegor Zamula.
17:22 of 3rd period - Shot by Maxime Lajoie.
17:22 of 3rd period - Stopped by Joel Hofer with a rebound.
17:24 of 3rd period - Shot by Maxime Lajoie.
17:24 of 3rd period - Stopped by Joel Hofer without a rebound.
17:25 of 3rd period - Hudson Elynuik wins face-off versus Juuso Parssinen in Silver Tips zone.
17:31 of 3rd period - Spencer Smallman is hit by Marc Staal and loses puck.
Goals for this period are 0 for Silver Tips vs 1 for Gulls.
Shots for this period are 10 for Silver Tips vs 12 for Gulls.
Back to the Top